 Dungeon Crawl Stone Soup version 0.30.0-10-gfe55d96785 (webtiles) character file.

Game seed: 9748265810719595067

55654 qw the Severer (level 14, 0/96 HPs)
             Began as a Gargoyle Cinder Acolyte on May 17, 2023.
             Was an Elder of Okawaru.
             Killed from afar by Azrael (28 damage)
             ... with damnation
             ... on level 12 of the Dungeon.
             The game lasted 00:10:45 (16726 turns).

qw the Severer (Gargoyle Cinder Acolyte)           Turns: 16726, Time: 00:10:46

Health: 0/96       AC: 38    Str: 22    XL:     14   Next: 78%
Magic:  18/18      EV:  9    Int: 16    God:    Okawaru [****..]
Gold:   1408       SH:  0    Dex:  5    Spells: 15/15 levels left

rFire   . . .        Y - +6 war axe (venom)
rCold   + . .        (no shield)
rNeg    + . .        h - +0 plate armour
rPois   inf          f - +0 helmet
rElec   +            l - +0 cloak
rCorr   .            q - +0 pair of gloves
SInv    .            d - +2 pair of boots
Will    +....        n - amulet of regeneration Stlth
                     b - ring of protection from cold
HPRegen 1.16/turn    m - +4 ring of slaying {mikee}
MPRegen 0.16/turn

%: no passive effects
@: heroic, flying
A: sickness immunity, AC +10, big wings, negative energy resistance 1,
electricity resistance, torment resistance 1, petrification resistance
a: Renounce Religion, Heroism, Finesse


You were on level 12 of the Dungeon.
You worshipped Okawaru.
Okawaru was greatly pleased with you.
You visited 2 branches of the dungeon, and saw 17 of its levels.
You visited the Abyss 1 time.

You collected 1748 gold pieces.
You spent 340 gold pieces at shops.


Innate Abilities, Weirdness & Mutations

You are immune to sickness and miasma.
Your stone body is resilient. (AC +10)
You are immune to poison.
Your large and strong wings let you fly.
You resist negative energy. (rN+)
You are resistant to electric shocks. (rElec)
You are resistant to unholy torment.
You are immune to petrification.


   Skills:
 - Level 14.0(19.0) Fighting
 - Level 16.0(21.0) Axes
 - Level 3.1(8.1) Throwing
 + Level 14.5(19.5) Armour
 - Level 2.0(7.0) Dodging
 - Level 1.0 Spellcasting
 - Level 3.0 Fire Magic
 + Level 6.4 Invocations


You had 15 spell levels left.
You didn't know any spells.
Your spell library contained the following spells:

 Spells                   Type           Power      Damage    Failure   Level
 Scorch                   Fire           20%        2d5       54%         2

Inventory:

Hand Weapons
 p - the +0 war axe "Deetwyte" {flame, rF- rC- Str+6}
   (You found it on level 10 of the Dungeon)

   Str:       It affects your strength (+6).
   rF:        It makes you vulnerable to fire.
   rC:        It makes you vulnerable to cold.
 Y - a +6 war axe of venom (weapon)
Armour
 d - a +2 pair of boots (worn)
 f - a +0 helmet (worn)
 h - a +0 plate armour (worn)
 l - a +0 cloak (worn)
 q - a +0 pair of gloves (worn)
 s - a scarf of invisibility
Jewellery
 b - a ring of protection from cold (left hand)
 m - a +4 ring of slaying (right hand) {mikee}
 n - an amulet of regeneration (around neck)
Scrolls
 a - 5 scrolls of identify
 c - a scroll of teleportation
Potions
 e - 6 potions of curing
 g - 3 potions of mutation
 i - 2 potions of cancellation
 j - 2 potions of might
 k - 3 potions of haste
 o - a potion of magic
 r - a potion of heal wounds

Dungeon Overview and Level Annotations

Branches:
Dungeon (12/15)            Temple (0/1) D:6            Lair (5/5) D:11
 Shoals (0/4) Lair:3       Spider (0/4) Lair:2        Slime (0/5) Lair:4
    Orc: D:9-12

Altars:
Gozag
Kikubaaqudgha
Nemelex Xobeh
Okawaru
Qazlal

Shops:
D:8 (

Annotations:
D:12 Azrael


Message History

A two-headed ogre comes into view.
It is wielding a +0 dire flail and a +0 giant spiked club.
You slash the fire elemental!
The fire elemental is severely damaged.
The fire elemental hits you. The fire elemental burns you!
You miss the fire elemental. You punch the fire elemental.
The fire elemental is almost destroyed.
The fire elemental hits you. The fire elemental burns you!
You slice the fire elemental!!
You destroy the fire elemental!
Okawaru accepts your kill.
Azrael drinks a potion.
Azrael seems to grow stronger.
The two-headed ogre is engulfed in blazing flames.
Azrael hits you with a +2 scimitar of flaming!
Azrael burns you.
You slash Azrael!
Azrael is poisoned.
Azrael is lightly wounded.
The two-headed ogre is engulfed in blazing flames.
Azrael hits you but does no damage.
You carve Azrael like a ham!!!
Azrael is heavily wounded.
You slice Azrael!!
Azrael is severely wounded.
Azrael hits you but does no damage.
You barely miss Azrael.
Azrael is severely wounded.
The sentinel's mark upon you fades away.
Azrael gestures at you.
The fireball explodes!
The fireball engulfs you!
The fireball engulfs Azrael.
Azrael completely resists.
You hit Azrael.
Azrael is severely wounded.
You hit Azrael.
Azrael is almost dead.
Azrael hits you with a +2 scimitar of flaming.
Azrael burns you.
You slash Azrael!
Azrael looks as sick as possible!
Azrael is almost dead.
Azrael gestures at you.
The sphere of damnation explodes!
The damnation engulfs you!!
You die...

#.........##.# #.#####...# #.#
........<..#.# #.# #...# #.#
#..........#.# #.# #...#
#..........#.# #.#####...######
#..........#.# #..(...........#
#..........#.#########...###.##
######...0.0.........##### #.#
# ###.#.#########.# #.# #
#.#....OR@..#.# #.# #
#.#########.#.# #.# #
#....h........# ####.# #
###########/### #....# # #.#
#.#### # #.######.# #
#........# # #<.#######
###################.#


You could see Azrael (strong, extremely poisoned) and a two-headed ogre.

Vanquished Creatures
  4 hydras
  2 catoblepae
  A spriggan skeleton (Abyss:1)
  A merfolk avatar (Lair:5)
  4 two-headed ogres
  A boulder beetle (D:12)
  7 death yaks
  A thrashing horror (Abyss:1)
  A skyshark (Lair:3)
  2 shadow wraiths (Abyss:1)
  A sixfirhy (Abyss:1)
  A harpy (Lair:5)
  7 elephants
  3 large abominations (Abyss:1)
  An ugly thing (D:12)
  A worldbinder (Abyss:1)
  2 cyclopes
  4 black mambas
  A water nymph (Lair:3)
  A guardian serpent (Abyss:1)
  A torpor snail (Lair:4)
  A dire elephant skeleton (Abyss:1)
  Psyche (D:8)
  11 cane toads
  A gargoyle (D:11)
  3 unseen horrors (D:11)
  4 rime drakes
  6 komodo dragons
  2 tormentors (Abyss:1)
  An ancient zyme (Abyss:1)
  Grinder (D:5)
  3 polar bears
  4 trolls
  4 hornets
  13 blink frogs
  4 raiju (Abyss:1)
  2 shadows (D:11)
  3 wraiths
  3 slime creatures (Lair:4)
  6 wyverns
  31 yaks
  3 fire bats (Abyss:1)
  4 basilisks
  9 fire elementals
  5 steam dragons
  2 chaos spawn (Abyss:1)
  2 redbacks (Lair:2)
  4 wargs (D:8)
  An acid dragon (D:11)
  A hell hound (D:12)
  10 water moccasins
  6 orc warriors
  A sky beast (D:6)
  14 ogres
  5 ice beasts
  2 black bears
  3 centaurs
  5 wolves (Lair:3)
  A phantom (D:6)
  4 kobold brigands
  4 gnoll sergeants
  4 bullfrogs
  2 elf zombies (D:6)
  An elf skeleton (D:6)
  2 scorpions (D:5)
  8 wights
  12 killer bees
  An electric eel (Lair:1)
  8 howler monkeys
  A quasit (Abyss:1)
  A jelly (Lair:4)
  A wyvern simulacrum (D:8)
  2 gnoll boudas
  8 hounds
  10 orc priests
  A sleepcap (D:3)
  3 iguanas
  6 orc wizards
  2 human skeletons (D:6)
  2 centaur simulacra (D:8)
  3 killer bee simulacra (D:8)
  13 gnolls
  18 adders
  A howler monkey simulacrum (D:8)
  6 white imps
  8 ufetubi
  2 worms (D:4)
  3 dart slugs
  43 orcs
  10 ball pythons
  7 endoplasms
  5 giant cockroaches
  9 goblins
  12 hobgoblins
  5 jackals
  3 quokkas
  5 bats
  8 frilled lizards
  17 kobolds
  An orc skeleton (D:6)
  5 rats
496 creatures vanquished.

Vanquished Creatures (others)
  An ufetubus (D:7)
  An orc (D:7)
  A lurking horror (Abyss:1)
3 creatures vanquished.

Grand Total: 499 creatures vanquished

Notes
Turn   | Place    | Note
-------+----------+-------------------------------------------
     0 | D:1      | qw the Gargoyle Cinder Acolyte began the quest for the Orb.
     0 | D:1      | Reached XP level 1. HP: 14/14 MP: 2/2
     0 | D:1      | 0 ||| qw: Version: 0.2-a-95-g4c1bab1
     0 | D:1      | 0 ||| qw: Game counter: 127
     0 | D:1      | 0 ||| qw: Always use a shield: true
     0 | D:1      | 0 ||| qw: God list: Okawaru
     0 | D:1      | 0 ||| qw: Allow faded altars: false
     0 | D:1      | 0 ||| qw: Do Orc after D:15 true
     0 | D:1      | 0 ||| qw: Do second Lair branch before Depths: true
     0 | D:1      | 0 ||| qw: Lair rune preference: random
     0 | D:1      | 0 ||| qw: Plans: Normal
     0 | D:1      | 0 ||| PLANNING D:1-11
   190 | D:1      | 190 ||| Stepping ~*~*~tactically~*~*~ (stealth).
   199 | D:1      | Reached skill level 3 in Axes
   291 | D:1      | Reached XP level 2. HP: 19/19 MP: 3/3
   535 | D:1      | Reached XP level 3. HP: 14/23 MP: 4/4
   618 | D:1      | 618 ||| Stepping ~*~*~tactically~*~*~ (hiding).
   940 | D:1      | 940 ||| UPGRADING to +0 scale mail.
   950 | D:1      | 950 ||| DROPPING +0 robe.
   951 | D:1      | 951 ||| READING 2 scrolls labelled USHRYD TOLYIMUT.
  1064 | D:2      | Reached skill level 1 in Armour
  1097 | D:2      | 1097 ||| Stepping ~*~*~tactically~*~*~ (hiding).
  1106 | D:2      | Reached skill level 4 in Axes
  1397 | D:2      | Reached XP level 4. HP: 28/28 MP: 5/5
  1703 | D:2      | Found a faded altar of an unknown god.
  1708 | D:2      | 1708 ||| READING 2 scrolls of identify.
  1708 | D:2      | 1708 ||| IDENTIFYING clear potion
  2045 | D:3      | 2045 ||| Stepping ~*~*~tactically~*~*~ (hiding).
  2251 | D:3      | Noticed a black bear
  2252 | D:3      | 2252 ||| INVOKING Fiery Armour.
  2264 | D:3      | Reached XP level 5. HP: 17/32 MP: 6/6
  2279 | D:3      | Reached skill level 5 in Axes
  2281 | D:3      | Killed a black bear
  2282 | D:3      | Reached XP level 6. HP: 19/39 MP: 7/7
  2764 | D:3      | 2764 ||| UPGRADING to +0 pair of boots.
  2769 | D:3      | 2769 ||| READING scroll labelled IMAUTA UDUS.
  2774 | D:3      | 2774 ||| READING scroll labelled RYHICE BAPTENI.
  2775 | D:3      | 2775 ||| DRINKING 2 lumpy amethyst potions.
  2776 | D:3      | 2776 ||| DRINKING potion of curing.
  2776 | D:3      | 2776 ||| (to cure confusion)
  2777 | D:3      | 2777 ||| DRINKING 3 dark potions.
  2778 | D:3      | 2778 ||| READING 3 scrolls of identify.
  2778 | D:3      | 2778 ||| IDENTIFYING fizzy blue potion
  2779 | D:3      | 2779 ||| READING 2 scrolls of identify.
  2779 | D:3      | 2779 ||| IDENTIFYING green potion
  2780 | D:3      | 2780 ||| DROPPING potion of attraction.
  2781 | D:3      | 2781 ||| DROPPING potion of flight.
  2782 | D:3      | 2782 ||| DROPPING potion of ambrosia.
  3084 | D:4      | 3084 ||| Stepping ~*~*~tactically~*~*~ (hiding).
  3086 | D:4      | 3086 ||| Stepping ~*~*~tactically~*~*~ (hiding).
  3087 | D:4      | 3087 ||| Stepping ~*~*~tactically~*~*~ (hiding).
  3260 | D:4      | Reached skill level 1 in Throwing
  3267 | D:4      | 3267 ||| INVOKING Fiery Armour.
  3267 | D:4      | HP: 7/39 [ogre/+0 giant club (9)]
  3268 | D:4      | 3268 ||| DRINKING 2 potions of heal wounds.
  3319 | D:4      | Reached skill level 6 in Axes
  3319 | D:4      | Reached XP level 7. HP: 35/44 MP: 8/8
  3460 | D:4      | Found an ancient bone altar of Kikubaaqudgha.
  3651 | D:4      | 3651 ||| Stepping ~*~*~tactically~*~*~ (hiding).
  3680 | D:4      | 3680 ||| INVOKING Fiery Armour.
  4010 | D:4      | 4010 ||| SWAPPING to +0 war axe.
  4108 | D:4      | 4108 ||| UPGRADING to +0 plate armour.
  4118 | D:4      | 4118 ||| DROPPING +0 scale mail.
  4119 | D:4      | 4119 ||| UPGRADING to amulet of regeneration.
  4124 | D:4      | 4124 ||| UPGRADING to ring of protection from cold.
  4125 | D:4      | 4125 ||| READING scroll labelled BAFFUEQAUP.
  4126 | D:4      | 4126 ||| READING scroll labelled BYGOMU ACEHE.
  4127 | D:4      | 4127 ||| READING 2 scrolls of identify.
  4127 | D:4      | 4127 ||| IDENTIFYING fuming cyan potion
  4128 | D:4      | 4128 ||| DRINKING potion of experience.
  4128 | D:4      | Reached XP level 8. HP: 48/48 MP: 9/9
  4147 | D:5      | Entered Level 5 of the Dungeon
  4200 | D:5      | 4200 ||| INVOKING Fiery Armour.
  4208 | D:5      | Reached skill level 7 in Axes
  4465 | D:5      | Noticed Grinder
  4466 | D:5      | 4466 ||| Stepping ~*~*~tactically~*~*~ (hiding).
  4484 | D:5      | Paralysed by Grinder for 3 turns
  4488 | D:5      | Killed Grinder
  4489 | D:5      | Reached XP level 9. HP: 54/54 MP: 10/10
  4649 | D:5      | 4649 ||| READING scroll labelled MISCHO VOSOK.
  4650 | D:5      | 4650 ||| DRINKING 2 viscous ruby potions.
  4651 | D:5      | 4651 ||| READING 3 scrolls of identify.
  4651 | D:5      | 4651 ||| IDENTIFYING bubbling inky potion
  4652 | D:5      | 4652 ||| READING 2 scrolls of identify.
  4652 | D:5      | 4652 ||| IDENTIFYING metallic clear potion
  4653 | D:5      | 4653 ||| DROPPING potion of degeneration.
  4654 | D:5      | 4654 ||| DROPPING potion of lignification.
  4669 | D:6      | 4669 ||| PLANNING OSSUARY
  4753 | D:6      | 4753 ||| Stepping ~*~*~tactically~*~*~ (hiding).
  4754 | D:6      | 4754 ||| Stepping ~*~*~tactically~*~*~ (hiding).
  4911 | D:6      | 4911 ||| Stepping ~*~*~tactically~*~*~ (hiding).
  5046 | D:6      | 5046 ||| Stepping ~*~*~tactically~*~*~ (stealth).
  5053 | D:6      | 5053 ||| DRINKING potion of curing.
  5053 | D:6      | 5053 ||| (to cure confusion)
  5137 | D:6      | Found a staircase to the Ecumenical Temple.
  5247 | D:6      | 5247 ||| DRINKING potion of experience.
  5247 | D:6      | Reached skill level 11 in Axes
  5247 | D:6      | Reached XP level 10. HP: 59/59 MP: 11/11
  5360 | D:6      | Found a sand-covered staircase.
  5363 | D:6      | 5363 ||| READING scroll labelled YKIOTO LEDWYMN.
  5464 | D:6      | 5464 ||| READING scroll labelled COCETESCHIGH.
  5465 | D:6      | 5465 ||| READING 2 scrolls of identify.
  5465 | D:6      | 5465 ||| IDENTIFYING fuming ruby potion
  5578 | D:6      | 5578 ||| Stepping ~*~*~tactically~*~*~ (hiding).
  5596 | D:6      | Reached skill level 6 in Fighting
  5692 | D:6      | 5692 ||| RIP OSSUARY
  5692 | D:6      | 5692 ||| PLANNING D:1-11
  5715 | D:6      | 5715 ||| Stepping ~*~*~tactically~*~*~ (hiding).
  5916 | D:7      | 5916 ||| Stepping ~*~*~tactically~*~*~ (hiding).
  5917 | D:7      | 5917 ||| Stepping ~*~*~tactically~*~*~ (hiding).
  5919 | D:7      | 5919 ||| Stepping ~*~*~tactically~*~*~ (hiding).
  6063 | D:7      | Found an opulent altar of Gozag.
  6063 | D:7      | Found a sparkling altar of Nemelex Xobeh.
  6214 | D:7      | 6214 ||| Stepping ~*~*~tactically~*~*~ (stealth).
  6471 | D:7      | 6471 ||| Stepping ~*~*~tactically~*~*~ (hiding).
  6635 | D:7      | 6635 ||| UPGRADING to +2 pair of boots.
  6645 | D:7      | 6645 ||| DROPPING +0 pair of boots.
  6646 | D:7      | 6646 ||| UPGRADING to +0 pair of gloves.
  6651 | D:7      | 6651 ||| DROPPING amulet of the acrobat.
  6676 | D:8      | Noticed a death yak
  6677 | D:8      | 6677 ||| INVOKING Fiery Armour.
  6696 | D:8      | Killed a death yak
  6697 | D:8      | Reached XP level 11. HP: 68/68 MP: 12/12
  6739 | D:8      | 6739 ||| Stepping ~*~*~tactically~*~*~ (stealth).
  6768 | D:8      | 6768 ||| Stepping ~*~*~tactically~*~*~ (stealth).
  6775 | D:8      | 6775 ||| Stepping ~*~*~tactically~*~*~ (stealth).
  6776 | D:8      | 6776 ||| Stepping ~*~*~tactically~*~*~ (stealth).
  6821 | D:8      | 6821 ||| Stepping ~*~*~tactically~*~*~ (stealth).
  6832 | D:8      | 6832 ||| INVOKING Fiery Armour.
  6850 | D:8      | Reached skill level 3 in Throwing
  6871 | D:8      | Reached skill level 1 in Dodging
  6966 | D:8      | Found an iron altar of Okawaru.
  6975 | D:8      | 6975 ||| Stepping ~*~*~tactically~*~*~ (hiding).
  7061 | D:8      | 7061 ||| Stepping ~*~*~tactically~*~*~ (hiding).
  7108 | D:8      | 7108 ||| Stepping ~*~*~tactically~*~*~ (water).
  7112 | D:8      | Noticed a two-headed ogre
  7114 | D:8      | 7114 ||| INVOKING Fiery Armour.
  7121 | D:8      | 7121 ||| Stepping ~*~*~tactically~*~*~ (water).
  7126 | D:8      | Killed a two-headed ogre
  7127 | D:8      | Reached skill level 9 in Fighting
  7152 | D:8      | 7152 ||| Stepping ~*~*~tactically~*~*~ (water).
  7189 | D:8      | Found Fyfeh's Weapon Emporium.
  7296 | D:8      | 7296 ||| Stepping ~*~*~tactically~*~*~ (stealth).
  7304 | D:8      | 7304 ||| BUYING +4 war axe of venom (340 gold).
  7304 | D:8      | Bought a +4 war axe of venom for 340 gold pieces
  7304 | D:8      | 7304 ||| SWAPPING to +4 war axe of venom.
  7305 | D:8      | 7305 ||| DROPPING +0 war axe.
  7324 | D:8      | Noticed Psyche
  7345 | D:8      | 7345 ||| Stepping ~*~*~tactically~*~*~ (stealth).
  7347 | D:8      | 7347 ||| Stepping ~*~*~tactically~*~*~ (hiding).
  7377 | D:8      | Killed Psyche
  7476 | D:8      | 7476 ||| Stepping ~*~*~tactically~*~*~ (hiding).
  7477 | D:8      | 7477 ||| Stepping ~*~*~tactically~*~*~ (hiding).
  7569 | D:8      | 7569 ||| Stepping ~*~*~tactically~*~*~ (stealth).
  7574 | D:8      | 7574 ||| Stepping ~*~*~tactically~*~*~ (stealth).
  7587 | D:8      | 7587 ||| Stepping ~*~*~tactically~*~*~ (hiding).
  7592 | D:8      | 7592 ||| Stepping ~*~*~tactically~*~*~ (stealth).
  7596 | Abyss:1  | Cast into level 1 of the Abyss (gnoll sergeant)
  7613 | Abyss:1  | Noticed a sun demon
  7613 | Abyss:1  | 7613 ||| Stepping ~*~*~tactically~*~*~ (stealth).
  7652 | Abyss:1  | 7652 ||| Stepping ~*~*~tactically~*~*~ (stealth).
  7681 | Abyss:1  | Reached skill level 12 in Axes
  7696 | Abyss:1  | 7696 ||| Stepping ~*~*~tactically~*~*~ (stealth).
  7697 | Abyss:1  | 7697 ||| Stepping ~*~*~tactically~*~*~ (stealth).
  7703 | Abyss:1  | 7703 ||| Stepping ~*~*~tactically~*~*~ (stealth).
  7722 | Abyss:1  | Found a corrupted altar of Lugonu.
  7727 | Abyss:1  | Noticed a large abomination
  7734 | Abyss:1  | 7734 ||| INVOKING Fiery Armour.
  7736 | Abyss:1  | Noticed a sixfirhy
  7741 | Abyss:1  | HP: 15/71 [sixfirhy (8)]
  7742 | Abyss:1  | 7742 ||| READING scroll of teleportation.
  7743 | Abyss:1  | 7743 ||| DRINKING 4 potions of heal wounds.
  7744 | Abyss:1  | Killed a large abomination
  7745 | Abyss:1  | Killed a sixfirhy
  7776 | Abyss:1  | Found a corrupted altar of Lugonu.
  7797 | Abyss:1  | Noticed a thrashing horror
  7817 | Abyss:1  | Killed a thrashing horror
  7818 | Abyss:1  | Reached XP level 12. HP: 69/77 MP: 13/13
  7854 | Abyss:1  | 7854 ||| Stepping ~*~*~tactically~*~*~ (stealth).
  7856 | Abyss:1  | Noticed a deep elf knight
  7861 | Abyss:1  | 7861 ||| INVOKING Fiery Armour.
  7875 | Abyss:1  | 7875 ||| Stepping ~*~*~tactically~*~*~ (stealth).
  7877 | Abyss:1  | 7877 ||| Stepping ~*~*~tactically~*~*~ (stealth).
  7882 | Abyss:1  | 7882 ||| Stepping ~*~*~tactically~*~*~ (stealth).
  7887 | Abyss:1  | 7887 ||| Stepping ~*~*~tactically~*~*~ (stealth).
  7963 | Abyss:1  | 7963 ||| Stepping ~*~*~tactically~*~*~ (hiding).
  7964 | Abyss:1  | 7964 ||| Stepping ~*~*~tactically~*~*~ (hiding).
  7965 | Abyss:1  | 7965 ||| Stepping ~*~*~tactically~*~*~ (hiding).
  7980 | Abyss:1  | Found a corrupted altar of Lugonu.
  8024 | Abyss:1  | Reached skill level 13 in Axes
  8033 | Abyss:1  | 8033 ||| Stepping ~*~*~tactically~*~*~ (stealth).
  8068 | Abyss:1  | 8068 ||| Stepping randomly (disturbance).
  8069 | Abyss:1  | 8069 ||| Stepping randomly (disturbance).
  8070 | Abyss:1  | 8070 ||| Stepping randomly (disturbance).
  8071 | Abyss:1  | 8071 ||| Stepping randomly (disturbance).
  8112 | Abyss:1  | 8112 ||| INVOKING Fiery Armour.
  8139 | Abyss:1  | 8139 ||| Stepping ~*~*~tactically~*~*~ (stealth).
  8140 | Abyss:1  | 8140 ||| Stepping ~*~*~tactically~*~*~ (stealth).
  8158 | Abyss:1  | 8158 ||| Stepping ~*~*~tactically~*~*~ (stealth).
  8163 | Abyss:1  | 8163 ||| Stepping ~*~*~tactically~*~*~ (stealth).
  8169 | Abyss:1  | Noticed a tentacled starspawn
  8169 | Abyss:1  | 8169 ||| Stepping ~*~*~tactically~*~*~ (stealth).
  8178 | Abyss:1  | Noticed a starcursed mass
  8179 | Abyss:1  | 8179 ||| Stepping ~*~*~tactically~*~*~ (hiding).
  8185 | Abyss:1  | 8185 ||| Stepping ~*~*~tactically~*~*~ (hiding).
  8187 | D:8      | Escaped the Abyss
  8189 | D:8      | 8189 ||| Stepping ~*~*~tactically~*~*~ (hiding).
  8204 | D:8      | 8204 ||| Stepping ~*~*~tactically~*~*~ (hiding).
  8395 | D:8      | 8395 ||| DROPPING +2 pair of boots.
  8457 | D:8      | 8457 ||| Stepping ~*~*~tactically~*~*~ (stealth).
  8559 | D:8      | Noticed a five-headed hydra
  8560 | D:8      | 8560 ||| INVOKING Fiery Armour.
  8561 | D:8      | 8561 ||| SWAPPING to +0 hand axe of flaming.
  8565 | D:8      | Killed a two-headed hydra
  8566 | D:8      | 8566 ||| SWAPPING to +4 war axe of venom.
  8761 | D:8      | Reached skill level 14 in Axes
  8922 | D:8      | 8922 ||| UPGRADING to +0 helmet.
  8927 | D:8      | 8927 ||| READING scroll labelled ECSAAF CYCEJA.
  8928 | D:8      | 8928 ||| READING scroll labelled FAMITO ZEFE.
  9073 | D:9      | 9073 ||| Stepping ~*~*~tactically~*~*~ (hiding).
  9459 | D:9      | 9459 ||| Stepping ~*~*~tactically~*~*~ (hiding).
  9557 | D:9      | 9557 ||| READING 2 scrolls of identify.
  9557 | D:9      | 9557 ||| IDENTIFYING orange potion
  9567 | D:10     | Entered Level 10 of the Dungeon
  9666 | D:10     | Noticed a two-headed ogre
  9686 | D:10     | Killed a two-headed ogre
  9799 | D:10     | Identified the +0 war axe "Deetwyte" {flame, rF- rC- Str+6}
  9801 | D:10     | 9801 ||| DROPPING +0 hand axe of flaming.
  9810 | D:10     | 9810 ||| READING 2 scrolls of identify.
  9810 | D:10     | 9810 ||| IDENTIFYING coppery potion
  9842 | D:10     | 9842 ||| DROPPING potion of berserk rage.
  9992 | D:10     | 9992 ||| Stepping ~*~*~tactically~*~*~ (stealth).
 10198 | D:10     | 10198 ||| Stepping ~*~*~tactically~*~*~ (hiding).
 10535 | D:10     | 10535 ||| READING 2 scrolls of identify.
 10535 | D:10     | 10535 ||| IDENTIFYING murky inky potion
 10536 | D:10     | 10536 ||| DROPPING potion of magic.
 10702 | D:11     | Reached XP level 13. HP: 66/84 MP: 14/14
 10744 | D:11     | Found a staircase to the Lair.
 10771 | D:11     | 10771 ||| Stepping ~*~*~tactically~*~*~ (stealth).
 10773 | D:11     | 10773 ||| INVOKING Fiery Armour.
 10821 | D:11     | 10821 ||| PLANNING OKAWARU WORSHIP
 10931 | D:8      | Fell from the grace of Ignis
 10931 | D:8      | Became a worshipper of Warmaster Okawaru
 10932 | D:8      | 10932 ||| PLANNING LAIR
 11001 | Lair:1   | Entered Level 1 of the Lair of Beasts
 11079 | Lair:1   | 11079 ||| Stepping ~*~*~tactically~*~*~ (stealth).
 11084 | Lair:1   | 11084 ||| SWAPPING to +0 war axe "Deetwyte" {flame, rF- rC-
                  | Str+6}.
 11089 | Lair:1   | 11089 ||| SWAPPING to +4 war axe of venom.
 11429 | Lair:1   | Reached * piety under Okawaru
 11509 | Lair:1   | 11509 ||| INVOKING Heroism.
 11538 | Lair:1   | Reached skill level 15 in Axes
 11539 | Lair:1   | 11539 ||| INVOKING Heroism.
 11569 | Lair:1   | You fall into a shaft and drop 1 floor!
 11580 | Lair:2   | Reached skill level 1 in Invocations
 11607 | Lair:2   | 11607 ||| READING scroll of enchant weapon.
 11607 | Lair:2   | 11607 ||| ENCHANTING +4 war axe of venom.
 11669 | Lair:2   | 11669 ||| INVOKING Heroism.
 11686 | Lair:2   | 11686 ||| INVOKING Heroism.
 11960 | Lair:1   | 11960 ||| INVOKING Heroism.
 12234 | Lair:1   | 12234 ||| READING 3 scrolls labelled HAULUFR ZOIS.
 12235 | Lair:1   | 12235 ||| DROPPING 2 scrolls of immolation.
 12291 | Lair:2   | Reached skill level 3 in Invocations
 12419 | Lair:2   | Found a hole to the Spider Nest.
 12960 | Lair:2   | 12960 ||| READING 2 scrolls of identify.
 12960 | Lair:2   | 12960 ||| IDENTIFYING blue potion
 12961 | Lair:2   | 12961 ||| DROPPING potion of brilliance.
 12991 | Lair:3   | 12991 ||| INVOKING Heroism.
 13011 | Lair:3   | 13011 ||| STAIRDANCE
 13025 | Lair:3   | 13025 ||| INVOKING Heroism.
 13050 | Lair:3   | 13050 ||| DRINKING potion of curing.
 13050 | Lair:3   | 13050 ||| (to cure confusion)
 13058 | Lair:3   | 13058 ||| INVOKING Heroism.
 13085 | Lair:3   | You fall into a shaft and drop 1 floor!
 13108 | Lair:4   | You fall into a shaft and drop 1 floor!
 13108 | Lair:5   | Entered Level 5 of the Lair of Beasts
 13159 | Lair:4   | 13159 ||| Stepping ~*~*~tactically~*~*~ (hiding).
 13169 | Lair:4   | Reached skill level 12 in Fighting
 13241 | Lair:3   | 13241 ||| Stepping ~*~*~tactically~*~*~ (stealth).
 13242 | Lair:3   | 13242 ||| Stepping ~*~*~tactically~*~*~ (stealth).
 13243 | Lair:3   | 13243 ||| Stepping ~*~*~tactically~*~*~ (stealth).
 13252 | Lair:3   | 13252 ||| INVOKING Heroism.
 13267 | Lair:3   | Reached ** piety under Okawaru
 13273 | Lair:3   | HP: 3/86 [death yak[Ignis] (25)]
 13274 | Lair:3   | 13274 ||| READING 3 scrolls of teleportation.
 13275 | Lair:3   | 13275 ||| DRINKING 3 potions of heal wounds.
 13276 | Lair:3   | 13276 ||| DRINKING 2 potions of heal wounds.
 13279 | Lair:3   | 13279 ||| INVOKING Heroism.
 13359 | Lair:3   | 13359 ||| INVOKING Heroism.
 13359 | Lair:3   | You fall into a shaft and drop 1 floor!
 13359 | Lair:4   | Was forgiven by Ignis
 13360 | Lair:4   | 13360 ||| Stepping ~*~*~tactically~*~*~ (stealth).
 13365 | Lair:4   | 13365 ||| SWAPPING to +0 war axe "Deetwyte" {flame, rF- rC-
                  | Str+6}.
 13373 | Lair:4   | 13373 ||| SWAPPING to +5 war axe of venom.
 13419 | Lair:3   | 13419 ||| Stepping ~*~*~tactically~*~*~ (stealth).
 13421 | Lair:3   | 13421 ||| INVOKING Heroism.
 13423 | Lair:3   | 13423 ||| Stepping ~*~*~tactically~*~*~ (stealth).
 13430 | Lair:3   | 13430 ||| Stepping ~*~*~tactically~*~*~ (stealth).
 13437 | Lair:3   | 13437 ||| INVOKING Heroism.
 13438 | Lair:3   | HP: 13/86 [death yak (15)]
 13439 | Lair:3   | 13439 ||| READING 2 scrolls of teleportation.
 13440 | Lair:3   | 13440 ||| DRINKING potion of heal wounds.
 13447 | Lair:3   | 13447 ||| Stepping ~*~*~tactically~*~*~ (water).
 13455 | Lair:3   | 13455 ||| Stepping ~*~*~tactically~*~*~ (water).
 13459 | Lair:3   | 13459 ||| INVOKING Heroism.
 13466 | Lair:3   | Reached skill level 16 in Axes
 13481 | Lair:3   | Reached *** piety under Okawaru
 13482 | Lair:3   | Gained mutation: Your large and strong wings let you fly.
                  | [Gargoyle growth]
 13482 | Lair:3   | Reached XP level 14. HP: 65/92 MP: 17/17
 13588 | Lair:3   | 13588 ||| INVOKING Heroism.
 13918 | Lair:3   | 13918 ||| INVOKING Heroism.
 13922 | Lair:3   | 13922 ||| SWAPPING to +0 war axe "Deetwyte" {flame, rF- rC-
                  | Str+6}.
 13930 | Lair:3   | 13930 ||| SWAPPING to +5 war axe of venom.
 13969 | Lair:3   | 13969 ||| UPGRADING to +0 cloak.
 13974 | Lair:3   | 13974 ||| READING scroll labelled SOHISU ZATYPH.
 14223 | Lair:4   | 14223 ||| INVOKING Heroism.
 14244 | Lair:4   | 14244 ||| INVOKING Heroism.
 14346 | Lair:4   | 14346 ||| READING scroll of enchant weapon.
 14346 | Lair:4   | 14346 ||| ENCHANTING +5 war axe of venom.
 14348 | Lair:4   | Found a staircase to the Slime Pits.
 14643 | Lair:4   | 14643 ||| READING scroll labelled GOHOHI HEIGUYR.
 14660 | Lair:4   | 14660 ||| READING 4 scrolls of identify.
 14660 | Lair:4   | 14660 ||| IDENTIFYING white potion
 14808 | Lair:5   | 14808 ||| Stepping ~*~*~tactically~*~*~ (stealth).
 14809 | Lair:5   | 14809 ||| Stepping ~*~*~tactically~*~*~ (stealth).
 14813 | Lair:5   | 14813 ||| INVOKING Heroism.
 14838 | Lair:5   | 14838 ||| INVOKING Heroism.
 14850 | Lair:5   | 14850 ||| Stepping ~*~*~tactically~*~*~ (stealth).
 14852 | Lair:5   | 14852 ||| Stepping ~*~*~tactically~*~*~ (stealth).
 14853 | Lair:5   | 14853 ||| Stepping ~*~*~tactically~*~*~ (stealth).
 14854 | Lair:5   | 14854 ||| Stepping ~*~*~tactically~*~*~ (stealth).
 14855 | Lair:5   | 14855 ||| Stepping ~*~*~tactically~*~*~ (stealth).
 14856 | Lair:5   | 14856 ||| Stepping ~*~*~tactically~*~*~ (stealth).
 14858 | Lair:5   | 14858 ||| Stepping ~*~*~tactically~*~*~ (hiding).
 14859 | Lair:5   | 14859 ||| INVOKING Heroism.
 14860 | Lair:5   | 14860 ||| Stepping ~*~*~tactically~*~*~ (hiding).
 14885 | Lair:5   | 14885 ||| Stepping ~*~*~tactically~*~*~ (stealth).
 14928 | Lair:5   | 14928 ||| Stepping ~*~*~tactically~*~*~ (stealth).
 14951 | Lair:5   | Reached **** piety under Okawaru
 15053 | Lair:5   | 15053 ||| Stepping ~*~*~tactically~*~*~ (stealth).
 15055 | Lair:5   | 15055 ||| Stepping ~*~*~tactically~*~*~ (stealth).
 15064 | Lair:5   | 15064 ||| Stepping ~*~*~tactically~*~*~ (hiding).
 15161 | Lair:5   | 15161 ||| DROPPING +4 war axe.
 15198 | Lair:5   | Identified the +8 halberd "Oczode" {spect, rElec rF+ Dex-2
                  | Stlth+}
 15208 | Lair:5   | 15208 ||| Stepping ~*~*~tactically~*~*~ (stealth).
 15270 | Lair:5   | 15270 ||| Stepping ~*~*~tactically~*~*~ (stealth).
 15310 | Lair:5   | 15310 ||| Stepping ~*~*~tactically~*~*~ (stealth).
 15336 | Lair:5   | Found the +7 captain's cutlass {speed, disarm}
 15430 | Lair:5   | 15430 ||| PLANNING D:1-11
 15430 | Lair:5   | 15430 ||| DROPPING amulet of magic regeneration.
 15609 | D:11     | 15609 ||| Stepping ~*~*~tactically~*~*~ (hiding).
 15611 | D:11     | 15611 ||| Stepping ~*~*~tactically~*~*~ (hiding).
 15742 | D:11     | 15742 ||| Stepping ~*~*~tactically~*~*~ (stealth).
 15743 | D:11     | 15743 ||| Stepping ~*~*~tactically~*~*~ (stealth).
 15895 | D:11     | Reached ***** piety under Okawaru
 16396 | D:11     | 16396 ||| PLANNING D
 16396 | D:11     | 16396 ||| UPGRADING to +4 ring of slaying {mikee}.
 16397 | D:11     | 16397 ||| READING scroll labelled CUTIUR MORAOLE.
 16461 | D:12     | Found a stormy altar of Qazlal.
 16477 | D:12     | Reached skill level 6 in Invocations
 16575 | D:12     | 16575 ||| INVOKING Heroism.
 16576 | D:12     | 16576 ||| INVOKING Finesse.
 16702 | D:12     | 16702 ||| Stepping ~*~*~tactically~*~*~ (hiding).
 16708 | D:12     | Noticed Azrael
 16709 | D:12     | 16709 ||| INVOKING Heroism.
 16726 | D:12     | Killed from afar by Azrael

Levels and vault maps discovered:
D:1:      minmay_arrival_split_and_join, layout_basic, hex_intersection
D:2:      layout_loops_ring, dreamdust_ecumenical_altar_hidden_monk_grotto
D:3:      layout_basic, minmay_divided_ellipse
D:4:      minmay_polygon_palace, layout_basic, kiku_gazebo_pond_becter
D:5:      layout_rooms, nicolae_figureground_pulse, uniq_grinder
D:6:      layout_loops_cross, minmay_temple_entry_offerings,
          nicolae_ossuary_entry_catacombs
D:7:      layout_loops_cross, grunt_temple_overflow_opulence
D:8:      lemuel_castle_with_subvaults [lemuel_castle_interior_original],
          layout_gridville, okawaru_trees_2, serial_ice, serial_ice_g,
          serial_ice_h, serial_ice_n, serial_ice_f, serial_ice_b, serial_ice_e,
          serial_ice_d, serial_ice_k, serial_ice_m, serial_ice_c, serial_shops,
          shop, chequers_serial_rivers_small_b, chequers_serial_rivers_small_a,
          uniq_psyche
D:9:      layout_loops_ring
D:10:     layout_loops_corners, minmay_lindwurm_lava
D:11:     layout_cave_pods, lair_entry_dummy
D:12:     layout_basic, orc_0_dummy, nicolae_qazlal_general_emergency,
          uniq_azrael
Lair:1:   minmay_lair_venomous_thicket, layout_cellular_growth,
          serial_bayou_lake_a, infiniplex_staircase_pool_2, grunt_megastairs_4
Lair:2:   layout_gridlike, spider_nest_entry_webs
Lair:3:   layout_loops_ring, nicolae_shoals_entry_flooding,
          infiniplex_staircase_pool
Lair:4:   layout_gridlike, minmay_slime_entry_pillars
Lair:5:   gammafunk_lair_ancient_temple, layout_misc_corridors

Skill      XL: |  1  2  3  4  5  6  7  8  9 10 11 12 13 14 |
---------------+-------------------------------------------+-----
Axes           | 3 4 5 6 7 11 12 14 16 | 16.0
Armour         | 1 13 14 | 14.5
Fighting       | 4 5 8 10 11 12 14 | 14.0
Throwing       | 1 2 3 |  3.1
Dodging        | 1 2 |  2.0
Invocations    | 4 6 |  6.4
Spellcasting   | |  1.0
Fire Magic     | |  3.0

Action                     |  1- 3 |  4- 6 |  7- 9 | 10-12 | 13-15 || total
---------------------------+-------+-------+-------+-------+-------++-------
  Melee: Hand axe          |   121 |   148 |    39 |     4 |       ||   312
         War axe           |       |       |   121 |   692 |   665 ||  1478
         Unarmed           |       |       |       |     6 |       ||     6
         Punch             |       |       |       |     6 |    21 ||    27
  Throw: Boomerang         |    46 |    32 |    14 |   117 |       ||   209
         Javelin           |       |    13 |    38 |    24 |       ||    75
 Invoke: Fiery Armour      |       |     2 |     2 |     7 |     1 ||    12
         Heroism           |       |       |       |       |    23 ||    23
         Finesse           |       |       |       |       |     1 ||     1
    Use: Scroll            |     1 |     5 |     6 |     9 |    10 ||    31
         Potion            |       |     4 |     4 |     1 |     4 ||    13
   Stab: Petrified         |       |       |       |       |     3 ||     3
 Armour: Robe              |    22 |       |       |       |       ||    22
         Scale mail        |    31 |    67 |    19 |       |       ||   117
         Plate armour      |       |       |    88 |   545 |   507 ||  1140
  Dodge: Dodged            |    56 |    65 |    45 |   227 |   193 ||   586

Table legend:
 A = Non-vault XP
 B = Vault XP
 C = Vault XP percentage of total XP
 D = Non-vault monster count
 E = Vault monster count
 F = Vault count percentage of total count
                 A         B        C        D         E       F
            +---------+---------+-------+---------+---------+-------
      Total |   56690 |   18699 |  24.8 |     338 |     151 |  30.9
            +---------+---------+-------+---------+---------+-------
        D:1 |      46 |       0 |   0.0 |      27 |       0 |   0.0
        D:2 |      63 |       0 |   0.0 |      25 |       0 |   0.0
        D:3 |      17 |     226 |  93.0 |       7 |      13 |  65.0
        D:4 |     244 |     367 |  60.1 |      16 |      16 |  50.0
        D:5 |     509 |     295 |  36.7 |      10 |       1 |   9.1
        D:6 |     946 |     342 |  26.6 |      21 |       6 |  22.2
        D:7 |    1191 |       0 |   0.0 |      19 |       0 |   0.0
        D:8 |    2065 |    7263 |  77.9 |      32 |      76 |  70.4
        D:9 |    1240 |       0 |   0.0 |      17 |       0 |   0.0
       D:10 |    2741 |       0 |   0.0 |      15 |       0 |   0.0
       D:11 |    5303 |       0 |   0.0 |      23 |       0 |   0.0
       D:12 |    2412 |     562 |  18.9 |       6 |       3 |  33.3
     Lair:1 |    2779 |    3185 |  53.4 |      12 |      16 |  57.1
     Lair:2 |    3055 |     374 |  10.9 |      12 |       2 |  14.3
     Lair:3 |   14720 |     420 |   2.8 |      37 |       1 |   2.6
     Lair:4 |    4159 |     733 |  15.0 |      11 |       4 |  26.7
     Lair:5 |    5614 |    4932 |  46.8 |      22 |      13 |  37.1
    Abyss:1 |    9586 |       0 |   0.0 |      26 |       0 |   0.0
            +---------+---------+-------+---------+---------+-------
